 Dungeon Crawl Stone Soup version 0.18.1-5-g4a78601 (webtiles) character file.

934 dorian the Cleaver (level 7, 0/61 HPs)
             Began as a Deep Dwarf Fighter on May 11, 2016.
             Was a Follower of Pakellas.
             Slain by an orc warrior
             ... wielding a +0 war axe
              (13 damage)
             ... on level 6 of the Dungeon.
             The game lasted 00:13:08 (3179 turns).

dorian the Cleaver (Deep Dwarf Fighter)             Turns: 3179, Time: 00:13:08

Health: 0/61       AC: 14    Str: 22    XL:     7   Next: 86%
Magic:  9/9        EV:  6    Int:  8    God:    Pakellas [*.....]
Gold:   424        SH:  9    Dex: 12    Spells: 0 memorised, 6 levels left

rFire  . . .     SeeInvis .     a - +0 war axe
rCold  . . .     Gourm    .     D - +0 plate armour
rNeg   . . .     Faith    .     c - +0 shield
rPois  .         Spirit   .     (no helmet)
rElec  .         Dismiss  .     g - +2 cloak
rCorr  +         Reflect  .     (no gloves)
SustAt .         Harm     .     (no boots)
MR     +....                    (no amulet)
Stlth  ..........               A - +2 ring of evasion
                                y - ring of resist corrosion

@: non-regenerating, somewhat resistant to hostile enchantments, extremely
unstealthy
A: damage resistance, recharge devices, sense surroundings 1, slow regeneration
3
a: Device Recharging, Quick Charge, Renounce Religion


You were on level 6 of the Dungeon.
You worshipped Pakellas.
Pakellas was aware of your devotion.
You were hungry.

You visited 1 branch of the dungeon, and saw 6 of its levels.

You collected 424 gold pieces.

Inventory:

Hand Weapons
 a - a +0 war axe (weapon)
Missiles
 n - 6 javelins (quivered)
Armour
 b - a +0 scale mail
 c - a +0 shield (worn)
 g - a +2 cloak (worn)
 D - a +0 plate armour (worn)
Jewellery
 k - an uncursed ring of teleportation
 y - a ring of resist corrosion (left hand)
 A - a +2 ring of evasion (right hand)
Wands
 e - a wand of heal wounds (3/9)
 l - a wand of confusion (22/48)
 s - a wand of iceblast (6/15)
 B - a wand of polymorph (5/24)
Scrolls
 h - 4 scrolls of identify
 j - a scroll of fear
 o - a scroll of recharging {unknown}
 q - a scroll of random uselessness {unknown}
 E - a scroll of amnesia
 G - a scroll of enchant weapon {unknown}
 H - a scroll of teleportation
Potions
 d - 2 potions of might
 i - a potion of heal wounds
 m - a potion of haste
 p - 5 potions of curing
 r - a potion of flight
 t - 2 potions of degeneration {unknown}
 x - a potion of cancellation {unknown}
 C - a potion of ambrosia
 F - a potion of brilliance {unknown}
Books
 v - a book of Clouds

   Spells                             Type                      Level
   a - Mephitic Cloud                 Conjuration/Poison/Air       3
   b - Conjure Flame                  Conjuration/Fire             3
   c - Poisonous Cloud                Conjuration/Poison/Air       6
   d - Freezing Cloud                 Conjuration/Ice/Air          6
   e - Ring of Flames                 Charms/Fire                  7
Comestibles
 f - 4 bread rations
 u - a royal jelly
 w - 3 meat rations
 z - a slice of pizza


   Skills:
 - Level 2.6 Fighting
 + Level 9.5 Axes
 - Level 3.2 Armour
 - Level 3.2 Shields
 + Level 3.9 Evocations


You had 6 spell levels left.
You didn't know any spells.

Dungeon Overview and Level Annotations

Branches:
Dungeon (6/15)             Temple (0/1) D:4

Altars:
Pakellas
Ru

Annotations:
D:3 Grinder


Innate Abilities, Weirdness & Mutations

You are resistant to damage.
You can recharge devices by infusing magical energy.
You passively map a small area around you.
You do not regenerate naturally.


Message History

The orc warrior hits you with a war axe!
You block the orc priest's attack.
You are feeling hungry.
You slash the orc!
You kill the orc!
Pakellas accepts your kill.
Your shield and plate armour prevent you from hitting the orc warrior.
The orc warrior is heavily wounded.
The orc warrior hits you with a war axe!
* * * LOW HITPOINT WARNING * * *
You block the orc priest's attack. The orc warrior barely misses you.
You block the orc priest's attack.
There is an open door, spattered with blood here.
Things that are here:
a flail; an orc corpse You closely miss the orc priest.
You closely miss the orc warrior.
The orc warrior is heavily wounded.
The orc warrior hits you with a war axe!
You die...
Pakellas says: Back to the drawing board!

#.#..##..# *...# *
#.#......#,#...###
#.##.##.# ,+..... ,
#.......# #..?# * ,
####..### #...# ,
*######.######...###.#
.........)............
≈
..............o.......
≈
########.#####@#####.
* , #.# #..o..$#*,
#o###......# , ,
#..##......# * , ≈
##.##......#
#l.###+##... * * ##o#
* *...), , , ,,.o. *,
.... , , .o..#* ..


You could see an orc warrior and an orc priest.

Vanquished Creatures
  An ogre (D:4)
  A centaur (D:5)
  The ghost of Sar the Insei, an amateur TeTm (D:3)
  A howler monkey (D:4)
  A crimson imp (D:5)
  A jelly (D:5)
  2 centaur skeletons (D:5)
  3 hounds
  An orc wizard (D:5)
  Natasha (thrice) (D:2)
  2 iguanas (D:4)
  A hound skeleton (D:4)
  12 gnolls
  5 adders
  A shadow imp (D:5)
  An ooze (D:6)
  2 worms
  4 dart slugs
  6 giant geckos
  13 orcs
  3 giant cockroaches
  7 goblins
  5 hobgoblins
  2 jackals (D:1)
  6 kobolds
  3 quokkas
  8 bats
  6 giant newts
  7 rats
109 creatures vanquished.

Notes
Turn   | Place    | Note
--------------------------------------------------------------
     0 | D:1      | dorian the Deep Dwarf Fighter began the quest for the Orb.
     0 | D:1      | Reached XP level 1. HP: 20/20 MP: 1/1
   148 | D:1      | Reached skill level 3 in Axes
   154 | D:1      | Reached XP level 2. HP: 17/27 MP: 2/2
   594 | D:1      | Reached XP level 3. HP: 21/33 MP: 3/3
   665 | D:2      | Reached skill level 4 in Axes
   889 | D:2      | Noticed Natasha
   910 | D:2      | Killed Natasha
   910 | D:2      | Reached XP level 4. HP: 12/40 MP: 4/4
   931 | D:2      | Reached skill level 5 in Axes
   981 | D:2      | Noticed Natasha
   986 | D:2      | Killed Natasha
  1108 | D:2      | Reached XP level 5. HP: 42/46 MP: 5/5
  1128 | D:3      | Noticed Grinder
  1161 | D:2      | Noticed Natasha
  1174 | D:2      | Killed Natasha
  1174 | D:2      | Reached skill level 6 in Axes
  1282 | D:3      | Found a sacrificial altar of Ru.
  1284 | D:3      | Noticed Sar's ghost (amateur TeTm)
  1316 | D:3      | Killed Sar's ghost
  1373 | D:3      | Reached skill level 7 in Axes
  1373 | D:3      | Reached XP level 6. HP: 43/55 MP: 6/6
  1436 | D:3      | Found an oddly glowing altar of Pakellas.
  1445 | D:3      | Became a worshipper of Pakellas the Inventive
  1696 | D:4      | Found a staircase to the Ecumenical Temple.
  1823 | D:4      | Reached skill level 8 in Axes
  1938 | D:4      | Reached XP level 7. HP: 36/61 MP: 7/7
  1973 | D:4      | Reached * piety under Pakellas
  1973 | D:4      | Received a gift from Pakellas
  2180 | D:5      | Entered Level 5 of the Dungeon
  2246 | D:5      | Reached skill level 1 in Evocations
  2294 | D:5      | Reached skill level 9 in Axes
  3179 | D:6      | Slain by an orc warrior

Skill      XL: |  1  2  3  4  5  6  7 |
---------------+----------------------+-----
Axes           | 3 4 5 7 8 9 |  9.5
Evocations     | 3 |  3.9
Fighting       | |  2.6
Armour         | |  3.2
Shields        | |  3.2

Action                   |  1- 3 |  4- 6 |  7- 9 || total
-------------------------+-------+-------+-------++-------
Melee: War axe           |   129 |   192 |   125 ||   446
Throw: Javelin           |     1 |     7 |       ||     8
Invok: Quick Charge      |       |       |     1 ||     1
Evoke: Wand              |       |     4 |     4 ||     8
  Use: Scroll            |       |       |    11 ||    11
  Eat: Chunk             |       |     4 |     4 ||     8
Armor: Scale mail        |    67 |    81 |     2 ||   150
       Plate armour      |       |       |    51 ||    51
Dodge: Dodged            |    43 |    61 |    31 ||   135
Block: Shield            |    62 |   100 |    49 ||   211
